 Dungeon Crawl Stone Soup version 0.26-a0-812-g31a745ddcd (webtiles) character file.

Game seed: 17939439198894242357

886 trollhero the Grappler (level 7, 66/66 HPs)
             Began as a Troll Fighter on Nov 15, 2020.
             Was a Follower of Okawaru.
             Quit the game on level 4 of the Dungeon.
             The game lasted 00:07:07 (2997 turns).

trollhero the Grappler (Troll Fighter)              Turns: 2997, Time: 00:07:08

Health: 66/66      AC:  6    Str: 27    XL:     7   Next: 77%
Magic:  6/6        EV:  8    Int:  4    God:    Okawaru [*.....]
Gold:   176        SH:  9    Dex:  9    Spells: 6/6 levels left

rFire    . . .     SeeInvis .     - Unarmed
rCold    . . .     Faith    .   b - +0 kite shield
rNeg     . . .     Spirit   .   g - +0 robe
rPois    .         Reflect  .   (helmet restricted)
rElec    .         Harm     .   (no cloak)
rCorr    .         Rampage  .   (gloves unavailable)
MR       .....                  (boots unavailable)
Stlth    ++........             (no amulet)
HPRegen  0.61/turn              (no ring)
MPRegen  0.10/turn              (no ring)

@: very slightly contaminated, invisible
A: large, unfitting armour, claws 3, regeneration 1, shaggy fur 1, tough skin 3
a: Heroism, Renounce Religion


You were on level 4 of the Dungeon.
You worshipped Okawaru.
Okawaru was aware of your devotion.
You visited 2 branches of the dungeon, and saw 5 of its levels.

You collected 176 gold pieces.

Inventory:

Missiles
 d - 8 javelins (quivered)
Armour
 b - a +0 kite shield (worn)
 g - a +0 robe (worn)
Wands
 f - a wand of flame (5)
Scrolls
 a - a scroll of amnesia
 e - a scroll of magic mapping
 r - a scroll of identify
 t - a scroll of teleportation
 x - a scroll of remove curse
Potions
 c - a potion of might
 h - 2 potions of haste
 w - a potion of heal wounds


   Skills:
 - Level 2.4 Fighting
 - Level 2.4 Dodging
 + Level 2.0 Stealth
 - Level 2.4 Shields
 - Level 8.0 Unarmed Combat
 + Level 1.6 Evocations


You had 6 spell levels left.
You didn't know any spells.
Your spell library contained the following spells:

 Spells                   Type           Power        Failure   Level
 Beastly Appendage        Tmut           #.....       93%         1
 Wereblood                Tmut           #.......     98%         2
 Spider Form              Tmut/Pois      #.........   100%        3
 Ice Form                 Ice/Tmut       #.......     100%        4
 Blade Hands              Tmut           #.........   100%        5


Dungeon Overview and Level Annotations

Branches:
Dungeon (4/15)             Temple (1/1) D:4

Altars:
Ashenzari
Dithmenos
Elyvilon
Fedhas
Hepliaklqana
Kikubaaqudgha
Makhleb
Nemelex Xobeh
Okawaru
Qazlal
Ru
Sif Muna
Vehumet
Wu Jian
Xom
The Shining One


Innate Abilities, Weirdness & Mutations

You are too large for most types of armour.
You have claws for hands.
Your natural rate of healing is unusually fast.
You are covered in fur. (AC +1)
You have extremely tough skin. (AC +3)


Message History

Natasha is moderately wounded.
You barely miss Natasha.
Natasha is moderately wounded.
Natasha completely misses you.
You mangle Natasha!!
You kill Natasha!
Okawaru accepts your kill.
You feel Natasha's spirit has finally been put to rest.
Your Stealth skill increases to level 2!
No target in view!
HP restored.
You pick up a book of Changes and begin reading...
You add the spells Beastly Appendage, Wereblood, Spider Form, Ice Form and Blade Hands to your library.
Okay, then.
Okay, then.
Okay, then.
It was a potion of invisibility.
You fade into invisibility!
You are very lightly contaminated with residual magic.
Are you sure you want to abandon this character and quit the game? (Confirm with "yes".)

##.#.....####....##
#...†..........##
###.#..........#
#####..............#
#.......####.......###
#..####.## #.......<..
# #####.# #.......###
#.....# #.......###
#...@.# ####.......
#..............######
#....###########
#....# ######


There were no monsters in sight!

Vanquished Creatures
  Grinder (D:4)
  Sigmund (D:3)
  A phantom (D:3)
  An ogre (D:4)
  A scorpion (D:4)
  A hound (D:4)
  2 orc wizards
  Natasha (thrice) (D:4)
  A howler monkey skeleton (D:2)
  5 adders
  2 worms
  A leopard gecko (D:1)
  9 orcs
  6 giant cockroaches
  5 goblins
  3 hobgoblins
  17 jackals
  10 kobolds
  3 quokkas
  2 ball pythons
  10 bats
  2 frilled lizards (D:1)
  A quokka skeleton (D:4)
  6 rats
94 creatures vanquished.

Notes
Turn   | Place    | Note
-------+----------+-------------------------------------------
     0 | D:1      | trollhero the Troll Fighter began the quest for the Orb.
     0 | D:1      | Reached XP level 1. HP: 22/22 MP: 0/0
   151 | D:1      | Reached XP level 2. HP: 29/29 MP: 1/1
   179 | D:1      | Reached skill level 3 in Unarmed Combat
   487 | D:1      | Reached XP level 3. HP: 36/36 MP: 2/2
   902 | D:2      | Reached skill level 4 in Unarmed Combat
   970 | D:2      | Found a blossoming altar of Fedhas.
  1116 | D:2      | Found a glowing golden altar of the Shining One.
  1116 | D:2      | Found a shadowy altar of Dithmenos.
  1274 | D:2      | Reached XP level 4. HP: 39/44 MP: 3/3
  1488 | D:3      | Noticed a phantom
  1533 | D:3      | Killed a phantom
  1533 | D:3      | Reached skill level 5 in Unarmed Combat
  1533 | D:3      | Reached XP level 5. HP: 45/50 MP: 4/4
  1681 | D:3      | Noticed Sigmund
  1702 | D:3      | Killed Sigmund
  1702 | D:3      | Reached skill level 6 in Unarmed Combat
  1702 | D:3      | Reached XP level 6. HP: 35/59 MP: 5/5
  2233 | D:4      | Reached skill level 7 in Unarmed Combat
  2496 | D:4      | Found a staircase to the Ecumenical Temple.
  2509 | Temple   | Entered the Ecumenical Temple
  2683 | Temple   | Became a worshipper of Warmaster Okawaru
  2766 | D:4      | Got a bone dagger
  2767 | D:4      | Lost intelligence.
  2767 | D:4      | Identified the +0 dagger of Woquyjor {vamp, rF- Int-5 SInv
                  | Stlth+} (You found it on level 4 of the Dungeon)
  2793 | D:4      | Noticed Grinder
  2794 | D:4      | Reached XP level 7. HP: 63/66 MP: 6/6
  2800 | D:4      | Killed Grinder
  2800 | D:4      | Reached * piety under Okawaru
  2800 | D:4      | Reached skill level 1 in Stealth
  2800 | D:4      | Reached skill level 8 in Unarmed Combat
  2809 | D:4      | Reached skill level 1 in Evocations
  2862 | D:4      | Noticed Natasha
  2864 | D:4      | Found a shimmering altar of Xom.
  2867 | D:4      | Killed Natasha
  2881 | D:4      | Noticed Natasha
  2889 | D:4      | Killed Natasha
  2934 | D:4      | Noticed Natasha
  2949 | D:4      | Killed Natasha
  2997 | D:4      | Quit the game

Illustrated notes

Levels and vault maps discovered:
D:1:      matt_arrival_refuge, layout_basic
D:2:      layout_loops_ring, gammafunk_temple_overflow_pools, old_standard_altar
D:3:      layout_loops_ring, uniq_sigmund
D:4:      layout_rooms, lemuel_crystal_altar, minmay_temple_entry_ruins,
          uniq_natasha, uniq_grinder
Temple:   minmay_temple_bridge_abc

Skill      XL: |  1  2  3  4  5  6  7 |
---------------+----------------------+-----
Unarmed Combat | 3 4 5 6 7 8 |  8.0
Stealth        | 2 |  2.0
Evocations     | 1 |  1.6
Fighting       | |  2.4
Dodging        | |  2.4
Shields        | |  2.4

Action                   |  1- 3 |  4- 6 |  7- 9 || total
-------------------------+-------+-------+-------++-------
Melee: Unarmed           |   102 |   111 |    31 ||   244
Evoke: Wand              |       |     5 |     5 ||    10
  Use: Potion            |     3 |     1 |     1 ||     5
       Scroll            |     2 |     3 |       ||     5
Armor: Robe              |    35 |    30 |     6 ||    71
Dodge: Dodged            |    39 |    36 |     5 ||    80
Block: Kite shield       |    48 |    38 |     9 ||    95

Table legend: (Time is in decaauts)
 A = Elapsed time spent in this place.
 B = Non-inter-level travel time spent in this place.
 C = Inter-level travel time spent in this place.
 D = Time resting spent in this place.
 E = Time spent auto-exploring this place.
 F = Levels seen in this place.
 G = Mean time per level.
                   A        B        C        D        E       F      G
               +--------+--------+--------+--------+--------+-----+--------+
         Total |   2983 |   2874 |    109 |    105 |   2153 |   5 |  596.6 |
       Dungeon |   2786 |   2699 |     87 |    105 |   1982 |   4 |  696.5 |
        Temple |    197 |    175 |     22 |      0 |    171 |   1 |  197.0 |
               +--------+--------+--------+--------+--------+-----+--------+

Top non-repeatable levels by time:
     D:3: 870 daAuts
     D:1: 859 daAuts
     D:2: 631 daAuts
     D:4: 424 daAuts
  Temple: 197 daAuts
